 Dungeon Crawl Stone Soup version 0.15-a0-995-gc8af7eb (webtiles) character file.

386 Amnesiac the Vexing (level 7, 0/41 HPs)
             Began as a Halfling Enchanter on May 24, 2014.
             Was a Believer of Dithmenos.
             Slain by Edmund
             ... wielding a +1,+1 flail of crushing
              (1 damage)
             ... on Level 4 of the Dungeon.
             The game lasted 00:11:21 (2156 turns).

Amnesiac the Vexing (Halfling Enchanter)            Turns: 2156, Time: 00:11:21

HP   0/41        AC  3     Str  5      XL: 7   Next:  6%
MP   4/10        EV 15     Int 17      God: Dithmenos [**....]
Gold 26          SH  0     Dex 17      Spells:  3 memorised,  2 levels left

rFire  . . .     SeeInvis .     a - +1 dagger (curse)
rCold  . . .     Clarity  .     b - +1 robe
rNeg   . . .     Conserve .     (no shield)
rPois  .         rCorr    .     (no helmet)
rElec  .         rRot     .     (no cloak)
SustAb .         Spirit   .     (no gloves)
rMut   .         Warding  .     (no boots)
Gourm  .         Stasis   .     (no amulet)
MR     .....                    (no ring)
                                o - ring of flight

@: wreathed by umbra, not resistant to hostile enchantments, fairly stealthy
A: mutation resistance 1
a: Shadow Step, Renounce Religion, Evoke Flight


You were on level 4 of the Dungeon.
You worshipped Dithmenos.
Dithmenos was pleased with you.
You were not hungry.

You visited 2 branches of the dungeon, and saw 6 of its levels.
You also visited: Ossuary.

You collected 26 gold pieces.

Inventory:

Hand weapons
 a - a cursed +1,+1 dagger (weapon)
 j - a +0,+0 crossbow
 r - a +1,+1 dagger of venom
Missiles
 d - 12 darts (quivered)
 h - 9 darts of dispersal
 q - 20 bolts
Armour
 b - a +1 robe (worn)
 p - a +0 pair of boots
Comestibles
 f - an apple
Scrolls
 e - a scroll of fog {unknown}
 k - a scroll of enchant weapon I {unknown}
 m - 2 scrolls of enchant weapon II {unknown}
 t - a scroll of teleportation {unknown}
 u - a scroll of fear {unknown}
 v - a scroll of remove curse {unknown}
 y - 3 scrolls of magic mapping {unknown}
 A - a scroll of noise {unknown}
 B - a scroll of identify
Jewellery
 o - a ring of flight (left hand)
Potions
 i - a potion of lignification
 n - 2 potions of brilliance
 w - a potion of might {unknown}
 x - 2 potions of curing {unknown}
 z - 2 potions of heal wounds {unknown}
Books
 c - a book of Maledictions

   Spells                             Type                      Level
   *Corona                            Hexes                        1
   Sure Blade                         Hexes/Charms                 2
   Ensorcelled Hibernation            Hexes/Ice                    2
   *Confuse                           Hexes                        3
   *Dazzling Spray                    Conjuration/Hexes            3
   Enslavement                        Hexes                        4
 s - a book of Unlife

   Spells                             Type                      Level
   Recall                             Summoning/Translocation      3
   Animate Dead                       Necromancy                   4
   Control Undead                     Necromancy                   4
   Twisted Resurrection               Necromancy                   5
   Death Channel                      Necromancy                   6
   Simulacrum                         Ice/Necromancy               6


   Skills:
 + Level 4.4 Short Blades
 - Level 1.3 Throwing
 - Level 2.4 Dodging
 + Level 4.6 Stealth
 - Level 1.5 Spellcasting
 - Level 1.0 Conjurations
 - Level 5.2 Hexes


You had 2 spell levels left.
You knew the following spells:

 Your Spells              Type           Power        Failure   Level  Hunger
a - Corona                Hex            ###....      2%          1    ##.....
e - Dazzling Spray        Conj/Hex       ##......     17%         3    ####...
f - Confuse               Hex            ###.....     10%         3    ####...


Dungeon Overview and Level Annotations

Branches:
Dungeon (5/15)             Temple (1/1) D:5

Altars:
Dithmenos
Gozag
Okawaru
Vehumet
Xom
Zin
The Shining One

Annotations:
D:4 exclusion: phantom, Edmund


Innate Abilities, Weirdness & Mutations

You are small and have problems with some larger weapons.
You are somewhat resistant to further mutation.


Message History

f - an apple Edmund comes into view.
He is wielding a runed flail.
Edmund shouts!
Edmund moves out of view.
Edmund hits you with a runed flail.
* * * LOW HITPOINT WARNING * * *
Casting: Dazzling Spray
Confirm with . or Enter, or press ? or * to list all spells.
Aiming: Dazzling Spray
Press: ? - help, Shift-Dir - straight line, f - Edmund
Aim: Edmund, wielding a runed flail and wearing a leather armour (umbra)
The spray of energy misses Edmund.
Edmund barely misses you.
Casting: Dazzling Spray
Confirm with . or Enter, or press ? or * to list all spells.
Aiming: Dazzling Spray
Press: ? - help, Shift-Dir - straight line, f/p - Edmund
Aim: Edmund, wielding a runed flail and wearing a leather armour (umbra)
The spray of energy misses Edmund.
Edmund hits you with a runed flail.
* * * LOW HITPOINT WARNING * * *
You die...

### ##...####..... #.#
#...# #....% #.# #...##
#....# #.# ##....###....#
#.#######......##....#
#.#...................
#.#.################..
#.#.#....#≈.....#..#P.
#####.#.#@@..#≈........#.P
#.......#..######.###..#.P
#.......#.........#)##.###
#...%...##......)....#...#
#.......#[...............#
#.<)....#######..#########
####.#....................
#.(####.#.....).####....
#.## #.......### #..##


You could see Edmund.

Vanquished Creatures
  An ogre (D:4)
  Sigmund (D:4)
  5 big kobold zombies (Ossuary)
  A mummy (Ossuary)
  4 adders
  A giant mite (D:4)
  2 worms
  An orc (D:5)
  2 spectral bats (Ossuary)
  5 goblins
  A hobgoblin (D:2)
  4 kobolds
  2 quokkas
  2 bats (D:4)
  6 bat simulacra (Ossuary)
  A giant newt (D:3)
  7 gnoll zombies (Ossuary)
  3 goblin simulacra (Ossuary)
  4 goblin zombies (Ossuary)
  4 hobgoblin zombies (Ossuary)
  6 jackals
  5 kobold simulacra (Ossuary)
  5 kobold zombies (Ossuary)
  An orc skeleton (D:4)
  5 orc zombies (Ossuary)
  2 rats
  3 rat simulacra (Ossuary)
  2 spectral kobolds (Ossuary)
  4 spectral rats (Ossuary)
90 creatures vanquished.

Notes
Turn   | Place    | Note
--------------------------------------------------------------
     0 | D:1      | Amnesiac, the Halfling Enchanter, began the quest for the Orb.
     0 | D:1      | Reached XP level 1. HP: 11/11 MP: 2/2
   291 | D:2      | Found a radiant altar of Vehumet.
   305 | D:2      | Reached XP level 2. HP: 17/17 MP: 3/3
   336 | D:3      | Reached skill level 3 in Short Blades
   513 | D:3      | Reached XP level 3. HP: 18/21 MP: 3/5
   520 | D:3      | Learned a level 3 spell: Dazzling Spray
   609 | D:4      | Noticed a phantom
   628 | D:4      | Reached skill level 1 in Conjurations
   685 | D:5      | Entered Level 5 of the Dungeon
   687 | D:5      | Found a staircase to the Ecumenical Temple.
   694 | D:5      | Reached XP level 4. HP: 27/27 MP: 2/6
   707 | Temple   | Entered the Ecumenical Temple
   763 | Temple   | Became a worshipper of Dithmenos the Shadowed
   898 | D:4      | Noticed an ogre
  1099 | D:4      | Killed an ogre
  1099 | D:4      | Reached skill level 4 in Hexes
  1099 | D:4      | Reached XP level 5. HP: 31/31 MP: 3/7
  1104 | D:4      | Found a sand-covered staircase.
  1132 | Ossuary  | Entered an ossuary
  1421 | Ossuary  | Learned a level 3 spell: Confuse
  1525 | Ossuary  | Reached XP level 6. HP: 34/36 MP: 6/9
  1539 | Ossuary  | Reached skill level 5 in Hexes
  1950 | Ossuary  | Acquired Dithmenos' first power
  2045 | D:4      | Noticed Sigmund
  2084 | D:4      | Killed Sigmund
  2084 | D:4      | Reached XP level 7. HP: 7/41 MP: 2/10
  2152 | D:4      | Noticed Edmund
  2156 | D:4      | HP: 1/41 [Edmund/runed flail (6)]
  2156 | D:4      | Slain by Edmund

Action                   |  1- 3 |  4- 6 |  7- 9 || total
-------------------------+-------+-------+-------++-------
Melee: Dagger            |    97 |   313 |       ||   410
 Cast: Corona            |     2 |       |       ||     2
       Dazzling Spray    |     2 |     9 |     2 ||    13
       Confuse           |       |     4 |       ||     4
  Use: Scroll            |       |     1 |       ||     1
       Potion            |       |     1 |       ||     1
 Stab: Sleeping          |     4 |    12 |       ||    16
       Invisible         |       |     4 |       ||     4
       Confused          |       |     8 |       ||     8
